 Dungeon Crawl Stone Soup version 0.23-a0-643-g9ccc95a (webtiles) character file.

80 Lanoc the Magician (level 4, 0/34 HPs)
             Began as a Gnoll Wanderer on Jan 1, 2019.
             Slain by an orc
             ... wielding a +0 flail
              (11 damage)
             ... on level 3 of the Dungeon.
             The game lasted 00:03:36 (1843 turns).

Lanoc the Magician (Gnoll Wanderer)                 Turns: 1843, Time: 00:03:37

Health: 0/34       AC:  2    Str: 18    XL:     4   Next: 39%
Magic:  11/11      EV: 12    Int: 14    God:
Gold:   83         SH:  0    Dex: 12    Spells: 13/13 levels left

rFire    . . .     SeeInvis .   o - +0 dagger
rCold    . . .     Gourm    .   (no shield)
rNeg     . . .     Faith    .   e - +0 robe
rPois    .         Spirit   .   (no helmet)
rElec    .         Reflect  .   (no cloak)
rCorr    .         Harm     .   (no gloves)
MR       .....                  (no boots)
Stlth    ++........             (no amulet)
HPRegen  0.11/turn              (no ring)
MPRegen  0.12/turn              (no ring)

@: lethally poisoned (0 -> -2)
A: distributed training, fangs 1, strong nose
a: no special abilities


You were on level 3 of the Dungeon.
You were hungry.

You visited 1 branch of the dungeon, and saw 3 of its levels.

You collected 83 gold pieces.

Inventory:

Hand Weapons
 c - a +0 hand crossbow
 o - a +0 dagger (weapon)
Missiles
 a - 24 sling bullets
Armour
 e - a +0 robe (worn)
Scrolls
 g - a scroll of blinking {unknown}
 h - a scroll of enchant armour {unknown}
 i - 3 scrolls of identify {unknown}
 j - 2 scrolls of teleportation {unknown}
 m - 2 scrolls of remove curse {unknown}
 n - a scroll of random uselessness {unknown}
Potions
 b - a potion of curing
 k - a potion of heal wounds {unknown}
 l - a potion of brilliance {unknown}
Comestibles
 f - 5 rations


   Skills:
 + Level 2.7 Fighting
 + Level 1.1 Short Blades
 + Level 1.1 Long Blades
 + Level 1.1 Axes
 + Level 1.1 Maces & Flails
 + Level 1.1 Polearms
 + Level 1.1 Staves
 + Level 1.1 Slings
 + Level 1.1 Bows
 + Level 4.6 Crossbows
 + Level 1.1 Throwing
 + Level 1.1 Armour
 + Level 1.1 Dodging
 + Level 2.5 Stealth
 + Level 1.1 Shields
 + Level 1.1 Unarmed Combat
 + Level 5.0 Spellcasting
 + Level 0.8 Conjurations
 + Level 0.8 Hexes
 + Level 0.8 Charms
 + Level 0.8 Summonings
 + Level 0.8 Necromancy
 + Level 0.8 Translocations
 + Level 0.8 Transmutations
 + Level 2.2 Fire Magic
 + Level 0.8 Ice Magic
 + Level 0.8 Air Magic
 + Level 3.8 Earth Magic
 + Level 0.8 Poison Magic
 + Level 1.2 Invocations
 + Level 2.7 Evocations


You had 13 spell levels left.
You didn't know any spells.
Your spell library contained the following spells:

 Spells                   Type           Power        Failure   Level  Hunger
 Flame Tongue             Conj/Fire      #....        10%         1    None
 Freeze                   Ice            #...         12%         1    None
 Throw Flame              Conj/Fire      #.....       14%         2    ##.....
 Conjure Flame            Conj/Fire      #.......     28%         3    ###....
 Inner Flame              Hex/Fire       #.......     28%         3    ###....
 Ozocubu's Armour         Chrm/Ice       #.......     36%         3    ###....
 Sticky Flame             Conj/Fire      #.......     67%         4    ####...
 Fireball                 Conj/Fire      #.........   95%         5    ######.


Dungeon Overview and Level Annotations

Branches:
Dungeon (3/15)

Altars:
Elyvilon
Sif Muna


Innate Abilities, Weirdness & Mutations

Your experience applies equally to all skills.
You have very sharp teeth.
Your uncanny sense of smell can sniff out nearby items.


Message History

Aim: an adder
Okay, then.
Firing (i - inventory) No suitable missiles.
Press: ? - help, Shift-Dir - straight line, f/p - adder
Aim: an adder
Okay, then.
Wield which item (- for none, * to show all)? (? for menu, Esc to quit)
o - a +0 dagger (weapon)
The adder misses you. The orc hits you with a +0 flail.
You hit the orc but do no damage. The adder bites you.
You hit the orc. You bite the orc, but do no damage.
The orc is heavily wounded.
The adder bites you.
You are poisoned.
The adder poisons you! The orc hits you with a +0 flail! The adder bites you.
A goblin comes into view.
You closely miss the orc.
The orc is heavily wounded.
You feel sick. The orc hits you with a +0 flail!
You die...

#########
#...#@#.#
#...KS#o##
#g.#(#..#.#
# ##..## #.
##..#
#..#.# ∆
##.#
#..#..#
##..#
#..##..#
##..## ∆
#..#
#..###..#.#


You could see an adder, an orc, a goblin (wandering) and a kobold.

Vanquished Creatures
  2 adders
  3 worms
  2 leopard geckos (D:1)
  2 orcs (D:2)
  A giant cockroach (D:1)
  7 goblins
  8 hobgoblins
  6 jackals
  A quokka (D:3)
  A ball python (D:2)
  3 frilled lizards
  3 kobolds
  7 rats
46 creatures vanquished.

Notes
Turn   | Place    | Note
-------+----------+-------------------------------------------
     0 | D:1      | Lanoc the Gnoll Wanderer began the quest for the Orb.
     0 | D:1      | Lanoc set off with the following items: a +0 hand crossbow,
                  | 21 bolts, a +0 robe, a ration; and the following spells
                  | available to memorise: Flame Tongue, Freeze, Throw Flame,
                  | Conjure Flame, Inner Flame, Ozocubu's Armour, Sticky Flame,
                  | Fireball
     0 | D:1      | Reached XP level 1. HP: 17/17 MP: 6/6
    98 | D:1      | Reached XP level 2. HP: 23/23 MP: 7/7
   427 | D:1      | Reached XP level 3. HP: 22/28 MP: 9/9
   519 | D:2      | Found a white marble altar of Elyvilon.
   525 | D:2      | Reached skill level 5 in Spellcasting
  1069 | D:2      | Reached skill level 1 in Invocations
  1544 | D:2      | Reached skill level 1 in Short Blades
  1544 | D:2      | Reached skill level 1 in Long Blades
  1544 | D:2      | Reached skill level 1 in Axes
  1544 | D:2      | Reached skill level 1 in Maces & Flails
  1544 | D:2      | Reached skill level 1 in Polearms
  1544 | D:2      | Reached skill level 1 in Staves
  1544 | D:2      | Reached skill level 1 in Slings
  1544 | D:2      | Reached skill level 1 in Bows
  1544 | D:2      | Reached skill level 1 in Throwing
  1544 | D:2      | Reached skill level 1 in Armour
  1544 | D:2      | Reached skill level 1 in Dodging
  1544 | D:2      | Reached skill level 1 in Shields
  1544 | D:2      | Reached skill level 1 in Unarmed Combat
  1544 | D:2      | Reached XP level 4. HP: 29/34 MP: 11/11
  1587 | D:2      | Found a deep blue altar of Sif Muna.
  1843 | D:3      | Slain by an orc

Vault maps used:
D:1:      zaba_arrival_water, minmay_distorted
D:2:      led_sif_pool, elyvilon_altar_3, first_ration
D:3:      minmay_diamond_boxcup, minmay_goblin_kobold_house

Skill      XL: |  1  2  3 |
---------------+----------+-----
Fire Magic     | 2 |  2.2
Spellcasting   | 5 |  5.0
Invocations    | 1 |  1.2
Short Blades   | 1 |  1.1
Long Blades    | 1 |  1.1
Axes           | 1 |  1.1
Maces & Flails | 1 |  1.1
Polearms       | 1 |  1.1
Staves         | 1 |  1.1
Slings         | 1 |  1.1
Bows           | 1 |  1.1
Throwing       | 1 |  1.1
Armour         | 1 |  1.1
Dodging        | 1 |  1.1
Shields        | 1 |  1.1
Unarmed Combat | 1 |  1.1
Fighting       | |  2.7
Crossbows      | |  4.6
Stealth        | |  2.5
Conjurations   | |  0.8
Hexes          | |  0.8
Charms         | |  0.8
Summonings     | |  0.8
Necromancy     | |  0.8
Translocations | |  0.8
Transmutations | |  0.8
Ice Magic      | |  0.8
Air Magic      | |  0.8
Earth Magic    | |  3.8
Poison Magic   | |  0.8
Evocations     | |  2.7

Action                   |  1- 3 |  4- 6 || total
-------------------------+-------+-------++-------
Melee: Unarmed           |    18 |       ||    18
       Bite              |     1 |     1 ||     2
       Dagger            |       |     3 ||     3
 Fire: Hand crossbow     |    85 |    24 ||   109
  Use: Potion            |     1 |       ||     1
  Eat: Chunk             |     2 |       ||     2
Armor: Robe              |    13 |     2 ||    15
Dodge: Dodged            |    36 |    13 ||    49

Table legend:
 A = Non-vault XP
 B = Vault XP
 C = Vault XP percentage of total XP
 D = Non-vault monster count
 E = Vault monster count
 F = Vault count percentage of total count
                 A         B        C        D         E       F
            +---------+---------+-------+---------+---------+-------
      Total |      97 |      18 |  15.7 |      41 |       5 |  10.9
            +---------+---------+-------+---------+---------+-------
        D:1 |      33 |       2 |   5.7 |      18 |       2 |  10.0
        D:2 |      57 |       0 |   0.0 |      21 |       0 |   0.0
        D:3 |       7 |      16 |  69.6 |       2 |       3 |  60.0
            +---------+---------+-------+---------+---------+-------
